 Dungeon Crawl Stone Soup version 0.31-a0-216-g22e908daa7 (webtiles) character file.

Game seed: 5501293891539074503

1964 qw the Cleaver (level 9, -15/54 HPs)
             Began as a Gargoyle Fighter on July 2, 2023.
             Was a Follower of Okawaru.
             Demolished by Psyche
             ... wielding a +0 dagger of chaos
              (16 damage)
             ... on level 8 of the Dungeon.
             The game lasted 00:03:40 (7306 turns).

qw the Cleaver (Gargoyle Fighter)                   Turns: 7306, Time: 00:03:41

Health: -15/54     AC: 23    Str: 24    XL:     9   Next: 19%
Magic:  8/9        EV:  6    Int:  9    God:    Okawaru [*.....]
Gold:   347        SH:  9    Dex:  9    Spells: 8/8 levels left

rFire   + . .        Y - +1 war axe (flame)
rCold   + . .        n - +0 kite shield
rNeg    + . .        c - +1 plate armour
rPois   inf          (no helmet)
rElec   +            (no cloak)
rCorr   +            (no gloves)
SInv    .            (no boots)
Will    .....        (no amulet) Stlth
                     (no ring)
HPRegen 0.29/turn    (no ring)
MPRegen 0.11/turn

%: no passive effects
@: about to teleport, resistant
A: sickness immunity, AC +6, negative energy resistance 1, electricity
resistance, torment resistance 1, petrification resistance, claws 1, iridescent
scales 2
a: Renounce Religion, Heroism


You were on level 8 of the Dungeon.
You worshipped Okawaru.
Okawaru was aware of your devotion.
You visited 2 branches of the dungeon, and saw 9 of its levels.

You collected 403 gold pieces.
You spent 56 gold pieces at shops.


Innate Abilities, Weirdness & Mutations

You are immune to sickness and miasma.
Your stone body is resilient. (AC +6)
You are immune to poison.
You resist negative energy. (rN+)
You are resistant to electric shocks. (rElec)
You are resistant to unholy torment.
You are immune to petrification.
You have sharp fingernails.
You are mostly covered in iridescent scales. (AC +4)


   Skills:
 + Level 5.1 Fighting
 - Level 8.0 Axes
 - Level 2.0 Throwing
 - Level 4.7 Armour
 - Level 1.0 Dodging
 - Level 7.0 Shields
 + Level 0.3 Invocations


You had 8 spell levels left.
You didn't know any spells.
Your spell library was empty.

Inventory:

Hand Weapons
 e - a +0 broad axe
 Y - a +1 war axe of flaming (weapon)
Missiles
 h - 2 javelins (quivered)
Armour
 c - a +1 plate armour (worn)
 l - a +0 pair of gloves
 m - a +0 cloak
 n - a +0 kite shield (worn)
Jewellery
 a - an amulet of faith
Scrolls
 i - 3 scrolls of identify
 j - 3 scrolls of teleportation
Potions
 d - 3 potions of might
 f - 4 potions of mutation
 k - 3 potions of curing
 q - 2 potions of haste

Dungeon Overview and Level Annotations

Branches:
Dungeon (8/15)             Temple (1/1) D:5
   Lair: D:8-11

Altars:
Ashenzari
Cheibriados
Elyvilon
Fedhas
Gozag
Hepliaklqana
Kikubaaqudgha
Makhleb
Nemelex Xobeh
Okawaru
Ru
Sif Muna
Trog
Uskayaw
Vehumet
Xom
Yredelemnul
Zin
The Shining One

Shops:
D:7 (

Annotations:
D:8 Psyche


Message History

The orc priest calls down the wrath of Beogh upon you.
Beogh smites you!
You hear a shout!
Psyche the Insane Magess comes into view.
She is wielding a +0 dagger of chaos.
Psyche shouts!
The orc priest shouts!
The orc priest mumbles some strange prayers to Beogh against you.
Beogh smites you!
Psyche looks braver for a moment.
You block the orc priest's attack.
Psyche gestures wildly while chanting.
Psyche flickers and vanishes!
Deactivating autopickup; reactivate with Ctrl-A.
You barely miss the orc priest.
The orc priest calls down the wrath of Beogh upon you.
Pain shoots through your body! The orc priest closely misses you.
You closely miss the orc priest. You block the orc priest's attack.
You slash the orc priest! You burn the orc priest.
You kill the orc priest!
Okawaru accepts your kill. You block something's attack.
The orc priest casts a cantrip, but nothing happens.
You block something's attack.
Things that are here:
a +0 club; an orc corpse The orc priest mumbles some strange prayers to Beogh against you.
Beogh smites you! Something hits you but does no damage.
You feel protected.
You completely miss the orc priest. You slash something! You burn something.
The orc priest invokes the aid of Beogh against you.
Beogh smites you! Something completely misses you.
7306 ||| READING 4 scrolls of teleportation.
As you read the scroll of teleportation, it crumbles to dust.
You feel strangely unstable.
You feel like a meek peon again. Something hits you but does no damage.
The orc priest mumbles some strange prayers to Beogh against you.
Pain shoots through your body! Something hits you.
Space warps horribly around you!
You die...

. #.# ........... ###
##.#.. .......... ...#
###.... ###.......
#....#..... ##........#
..#..#.##.####..##....##
....................###
#...............##.##
...........#######.#
#......@)..# #.#
#.....o....# #.#
#..........# #.#
#..........# ...
#..........# ...
############ ...


You could see an orc priest.

Vanquished Creatures
  A hornet (D:8)
  A water moccasin (D:7)
  3 black bears
  An ogre (D:7)
  A phantom (D:7)
  A bullfrog (D:7)
  2 scorpions
  3 wights (D:7)
  A howler monkey (D:5)
  4 orc priests
  2 hounds
  3 jellies
  A sleepcap (D:5)
  Ijyb (D:4)
  6 iguanas
  An orc wizard (D:4)
  10 gnolls
  9 adders
  2 white imps
  2 ufetubi
  3 worms (D:3)
  2 dart slugs (D:1)
  22 orcs
  11 endoplasms
  6 giant cockroaches
  11 goblins
  7 hobgoblins
  9 kobolds
  9 quokkas
  9 ball pythons
  10 bats
  2 frilled lizards
  4 rats
160 creatures vanquished.

Notes
Turn   | Place    | Note
-------+----------+-------------------------------------------
     0 | D:1      | qw the Gargoyle Fighter began the quest for the Orb.
     0 | D:1      | Reached XP level 1. HP: 14/14 MP: 1/1
     0 | D:1      | 0 ||| qw: Version: 0.3-a-37-gdb0280a
     0 | D:1      | 0 ||| qw: Game counter: 7870
     0 | D:1      | 0 ||| qw: Melee chars always use a shield: true
     0 | D:1      | 0 ||| qw: God list: Okawaru
     0 | D:1      | 0 ||| qw: Allow faded altars: false
     0 | D:1      | 0 ||| qw: Do Orc after clearing Dungeon:15 true
     0 | D:1      | 0 ||| qw: Do second Lair branch before Depths: true
     0 | D:1      | 0 ||| qw: Lair rune preference: random
     0 | D:1      | 0 ||| qw: Goals: Normal, Zot:1-4, Slime:5, God:TSO, Crypt,
                  | Tomb, Abyss, Pan, Hells, Win
     0 | D:1      | 0 ||| PLANNING D:1-11
    29 | D:1      | 29 ||| Stepping ~*~*~tactically~*~*~ (hiding).
    56 | D:1      | Reached skill level 2 in Axes
    57 | D:1      | 57 ||| Stepping ~*~*~tactically~*~*~ (hiding).
    87 | D:1      | Reached XP level 2. HP: 19/19 MP: 2/2
   283 | D:1      | Found a faded altar of an unknown god.
   438 | D:1      | 438 ||| Stepping ~*~*~tactically~*~*~ (hiding).
   814 | D:1      | 814 ||| UPGRADING to +0 chain mail.
   824 | D:1      | 824 ||| DROPPING +0 scale mail.
   825 | D:1      | 825 ||| READING scroll labelled ODELAR YLUVUI.
   826 | D:1      | 826 ||| READING scroll labelled PEACAW TUSO.
   827 | D:1      | 827 ||| READING 3 scrolls labelled JEQEL ZUICOIR.
   882 | D:2      | Found a broken altar of Ashenzari.
   893 | D:2      | Reached skill level 3 in Axes
   923 | D:2      | Reached XP level 3. HP: 21/23 MP: 3/3
   932 | D:2      | You fall into a shaft and drop 1 floor!
   938 | D:3      | 938 ||| PLANNING SEWER
  1030 | D:3      | Noticed a scorpion
  1031 | D:3      | 1031 ||| Stepping ~*~*~tactically~*~*~ (stealth).
  1055 | D:3      | Killed a scorpion
  1056 | D:3      | Reached skill level 4 in Axes
  1056 | D:3      | Reached XP level 4. HP: 11/28 MP: 4/4
  1221 | D:3      | Found a basalt altar of Yredelemnul.
  1237 | D:3      | Found a sacrificial altar of Ru.
  1273 | D:3      | Found a shimmering blue altar of Sif Muna.
  1355 | D:3      | 1355 ||| Stepping ~*~*~tactically~*~*~ (stealth).
  1374 | D:3      | Found a blossoming altar of Fedhas.
  1382 | D:3      | 1382 ||| Stepping ~*~*~tactically~*~*~ (hiding).
  1641 | D:3      | 1641 ||| RIP SEWER
  1668 | D:3      | 1668 ||| PLANNING D:1-11
  1668 | D:3      | 1668 ||| DROPPING ring of flight.
  1669 | D:3      | 1669 ||| READING scroll labelled SISE HEEMIU.
  1670 | D:3      | 1670 ||| READING scroll labelled JOLIHE PUNU.
  1671 | D:3      | 1671 ||| FLEEEEING.
  1734 | D:2      | Reached XP level 5. HP: 32/32 MP: 5/5
  1758 | D:2      | 1758 ||| Stepping ~*~*~tactically~*~*~ (stealth).
  1759 | D:2      | 1759 ||| Stepping ~*~*~tactically~*~*~ (stealth).
  1763 | D:2      | 1763 ||| Stepping ~*~*~tactically~*~*~ (hiding).
  1764 | D:2      | 1764 ||| Stepping ~*~*~tactically~*~*~ (hiding).
  1782 | D:2      | Reached skill level 1 in Throwing
  1834 | D:2      | 1834 ||| DROPPING +0 whip.
  1853 | D:2      | 1853 ||| Stepping ~*~*~tactically~*~*~ (stealth).
  1854 | D:2      | 1854 ||| Stepping ~*~*~tactically~*~*~ (stealth).
  1855 | D:2      | 1855 ||| Stepping ~*~*~tactically~*~*~ (stealth).
  2355 | D:2      | Reached skill level 5 in Axes
  2449 | D:2      | Reached XP level 6. HP: 37/37 MP: 6/6
  2676 | D:2      | 2676 ||| READING 2 scrolls labelled FECABL IPHI.
  2677 | D:2      | 2677 ||| READING scroll labelled SUITAE JOAHYEC.
  2678 | D:2      | 2678 ||| DROPPING +0 flail.
  2679 | D:2      | 2679 ||| DRINKING 3 blue potions.
  2741 | D:3      | 2741 ||| Stepping ~*~*~tactically~*~*~ (water).
  2759 | D:3      | 2759 ||| Stepping ~*~*~tactically~*~*~ (stealth).
  2958 | D:3      | 2958 ||| Stepping ~*~*~tactically~*~*~ (stealth).
  2987 | D:3      | 2987 ||| READING scroll labelled VEYPHON ZOGUWE.
  2988 | D:3      | 2988 ||| DRINKING 2 smoky grey potions.
  2988 | D:3      | Gained mutation: You are partially covered in iridescent
                  | scales. (AC +2) [potion of mutation]
  2988 | D:3      | Gained mutation: You are mostly covered in iridescent
                  | scales. (AC +4) [potion of mutation]
  2988 | D:3      | Gained mutation: You have sharp fingernails. [potion of
                  | mutation]
  3446 | D:4      | Noticed Ijyb
  3453 | D:4      | Killed Ijyb
  3775 | D:4      | Noticed a black bear
  3781 | D:4      | Killed a black bear
  3782 | D:4      | Reached skill level 6 in Axes
  3802 | D:4      | Reached XP level 7. HP: 43/43 MP: 7/7
  4042 | D:4      | Reached skill level 1 in Dodging
  4280 | D:4      | 4280 ||| READING 2 scrolls of identify.
  4280 | D:4      | 4280 ||| IDENTIFYING fizzy brown potion
  4281 | D:4      | 4281 ||| DROPPING potion of brilliance.
  4329 | D:5      | Entered Level 5 of the Dungeon
  4442 | D:5      | Found a staircase to the Ecumenical Temple.
  4443 | D:5      | 4443 ||| PLANNING TEMPLE
  4443 | D:5      | 4443 ||| FLEEEEING.
  4447 | D:5      | 4447 ||| FLEEEEING.
  4448 | D:5      | 4448 ||| FLEEEEING.
  4449 | D:5      | 4449 ||| FLEEEEING.
  4450 | D:5      | 4450 ||| FLEEEEING.
  4451 | D:5      | 4451 ||| FLEEEEING.
  4452 | D:5      | 4452 ||| FLEEEEING.
  4453 | D:5      | 4453 ||| FLEEEEING.
  4454 | D:5      | 4454 ||| FLEEEEING.
  4455 | D:5      | 4455 ||| FLEEEEING.
  4505 | Temple   | Entered the Ecumenical Temple
  4524 | Temple   | 4524 ||| PLANNING OKAWARU WORSHIP
  4702 | Temple   | 4702 ||| READING 2 scrolls of identify.
  4702 | Temple   | 4702 ||| IDENTIFYING smoky pink potion
  4703 | Temple   | 4703 ||| DROPPING potion of ambrosia.
  4712 | Temple   | Became a worshipper of Warmaster Okawaru
  4713 | Temple   | 4713 ||| PLANNING D:1-11
  5093 | D:5      | Found a shimmering altar of Xom.
  5094 | D:5      | Found a hazy altar of Hepliaklqana.
  5096 | D:5      | Noticed a spectral ugly thing
  5272 | D:5      | 5272 ||| DROPPING +6 ring of intelligence.
  5273 | D:5      | 5273 ||| READING scroll labelled YMAGEE UKIUFRA.
  5274 | D:5      | 5274 ||| READING scroll labelled TUASON GAASUCO.
  5275 | D:5      | 5275 ||| READING scroll labelled KATHUA HARAA.
  5276 | D:5      | 5276 ||| READING 2 scrolls of identify.
  5276 | D:5      | 5276 ||| IDENTIFYING brown potion
  5364 | D:6      | Reached skill level 7 in Axes
  5474 | D:6      | Reached XP level 8. HP: 48/48 MP: 8/8
  5485 | D:6      | 5485 ||| Stepping ~*~*~tactically~*~*~ (stealth).
  5486 | D:6      | 5486 ||| Stepping ~*~*~tactically~*~*~ (stealth).
  5495 | D:6      | 5495 ||| Stepping ~*~*~tactically~*~*~ (stealth).
  5678 | D:6      | 5678 ||| Stepping ~*~*~tactically~*~*~ (hiding).
  5772 | D:6      | 5772 ||| Stepping ~*~*~tactically~*~*~ (stealth).
  5797 | D:6      | 5797 ||| Stepping ~*~*~tactically~*~*~ (hiding).
  5798 | D:6      | 5798 ||| Stepping ~*~*~tactically~*~*~ (hiding).
  5799 | D:6      | 5799 ||| Stepping ~*~*~tactically~*~*~ (hiding).
  5800 | D:6      | 5800 ||| Stepping ~*~*~tactically~*~*~ (hiding).
  5825 | D:6      | Found an opulent altar of Gozag.
  5898 | D:6      | Found a glowing silver altar of Zin.
  6055 | D:6      | 6055 ||| Stepping ~*~*~tactically~*~*~ (stealth).
  6144 | D:6      | 6144 ||| UPGRADING to +0 kite shield.
  6154 | D:6      | 6154 ||| DROPPING +0 buckler.
  6155 | D:6      | 6155 ||| DROPPING ring of wizardry.
  6156 | D:6      | 6156 ||| DRINKING 2 inky potions.
  6218 | D:7      | 6218 ||| Stepping ~*~*~tactically~*~*~ (stealth).
  6247 | D:7      | Found Anisilet's Weapon Shop.
  6251 | D:7      | 6251 ||| Stepping ~*~*~tactically~*~*~ (hiding).
  6253 | D:7      | 6253 ||| Stepping ~*~*~tactically~*~*~ (hiding).
  6254 | D:7      | 6254 ||| Stepping ~*~*~tactically~*~*~ (hiding).
  6366 | D:7      | Reached * piety under Okawaru
  6375 | D:7      | 6375 ||| INVOKING Heroism.
  6434 | D:7      | 6434 ||| BUYING +0 broad axe (56 gold).
  6434 | D:7      | Bought a +0 broad axe for 56 gold pieces
  6464 | D:7      | Found a bloodstained altar of Trog.
  6636 | D:7      | Reached skill level 6 in Shields
  6640 | D:7      | 6640 ||| INVOKING Heroism.
  6940 | D:7      | 6940 ||| INVOKING Heroism.
  6943 | D:7      | Reached XP level 9. HP: 54/54 MP: 6/9
  6997 | D:7      | Reached skill level 8 in Axes
  7124 | D:7      | 7124 ||| UPGRADING to +0 plate armour.
  7134 | D:7      | 7134 ||| DROPPING +0 chain mail.
  7135 | D:7      | 7135 ||| READING scroll of enchant armour.
  7135 | D:7      | 7135 ||| ENCHANTING +0 plate armour.
  7136 | D:7      | 7136 ||| READING scroll labelled ENITUR ZOMOST.
  7188 | D:8      | HP: 10/54 [orc priest/divine providence (9)]
  7189 | D:8      | 7189 ||| READING 5 scrolls of teleportation.
  7190 | D:8      | 7190 ||| DRINKING potion of heal wounds.
  7191 | D:8      | Noticed a hornet
  7201 | D:8      | Killed a hornet
  7296 | D:8      | 7296 ||| INVOKING Heroism.
  7298 | D:8      | Noticed Psyche
  7305 | D:8      | HP: 6/54 [orc priest/divine providence (17)]
  7306 | D:8      | 7306 ||| READING 4 scrolls of teleportation.
  7306 | D:8      | HP: 1/54 [something (2)]
  7306 | D:8      | Demolished by Psyche

Levels and vault maps discovered:
D:1:      mushboom_english_gardens, layout_basic,
          shapermc_ecumenical_altar_venn, minmay_tetromino_l4
D:2:      wad_crossroads, layout_basic, basic_altar, kennysheep_nondescript
D:3:      layout_loops_corners, mainiacjoe_overflow_swirl,
          mainiacjoe_overflow_catwalk_spiral, gup_sewer_entry_pipe, minmay_puff
D:4:      layout_layer_cave, uniq_ijyb
D:5:      layout_loops_ring, regret_index_temple_of_mockery,
          minmay_temple_entry_proselytizer
D:6:      corexii_shack_village, layout_basic, kennysheep_mini_moat,
          zin_statuary
D:7:      layout_basic, mainiacjoe_overflow_alcove_1, corexii_corridor_pit,
          minmay_liquid_box, nicolae_stop_n_shop_1
D:8:      layout_rooms, chequers_temple_overflow_statue_of_worship,
          nicolae_figureground_sparkle, uniq_psyche
Temple:   chequers_temple_sunken

Skill      XL: |  1  2  3  4  5  6  7  8  9 |
---------------+----------------------------+-----
Axes           | 2 3 4 5 6 7 8 |  8.0
Throwing       | 1 2 |  2.0
Fighting       | 4 5 |  5.1
Dodging        | 1 |  1.0
Shields        | 7 |  7.0
Armour         | 4 |  4.7
Invocations    | |  0.3

Action                     |  1- 3 |  4- 6 |  7- 9 || total
---------------------------+-------+-------+-------++-------
  Melee: War axe           |    84 |   160 |   214 ||   458
  Throw: Javelin           |       |    58 |    49 ||   107
 Invoke: Heroism           |       |       |     4 ||     4
    Use: Scroll            |     3 |     5 |    10 ||    18
         Potion            |       |     2 |     2 ||     4
 Armour: Scale mail        |    28 |       |       ||    28
         Chain mail        |    23 |    91 |   122 ||   236
         Plate armour      |       |       |    17 ||    17
  Dodge: Dodged            |    36 |    59 |    74 ||   169
  Block: Buckler           |     8 |    34 |    28 ||    70
         Kite shield       |       |       |    30 ||    30

Table legend:
 A = Non-vault XP
 B = Vault XP
 C = Vault XP percentage of total XP
 D = Non-vault monster count
 E = Vault monster count
 F = Vault count percentage of total count
                 A         B        C        D         E       F
            +---------+---------+-------+---------+---------+-------
      Total |    2674 |     132 |   4.7 |     133 |      27 |  16.9
            +---------+---------+-------+---------+---------+-------
        D:1 |      24 |       4 |  14.3 |      13 |       3 |  18.8
        D:2 |     175 |       7 |   3.8 |      33 |       4 |  10.8
        D:3 |     132 |      23 |  14.8 |      18 |       9 |  33.3
        D:4 |     337 |      36 |   9.7 |      26 |       1 |   3.7
        D:5 |     210 |      43 |  17.0 |       5 |       1 |  16.7
        D:6 |     550 |      19 |   3.3 |      18 |       9 |  33.3
        D:7 |     894 |       0 |   0.0 |      14 |       0 |   0.0
        D:8 |     352 |       0 |   0.0 |       6 |       0 |   0.0
            +---------+---------+-------+---------+---------+-------
